 Dungeon Crawl Stone Soup version 0.30-b1-2-g02819fbbbe (webtiles) character file.

Game seed: 17802105489576685175

40411 sanka the Spry (level 13, -12/82 HPs)
             Began as a Deep Elf Artificer on May 11, 2023.
             Was a High Priest of Vehumet.
             Mangled by a death yak (21 damage)
             ... on level 5 of the Lair of Beasts.
             The game lasted 00:47:24 (24909 turns).

sanka the Spry (Deep Elf Artificer)                Turns: 24909, Time: 00:47:24

Health: -12/82     AC: 13    Str: 11    XL:     13   Next: 74%
Magic:  18/38      EV: 23    Int: 30    God:    Vehumet [*****.]
Gold:   906        SH:  0    Dex: 20    Spells: 12/32 levels left

rFire   . . .        D - +4 quarterstaff (chaos)
rCold   . . .        (shield currently unavailable)
rNeg    . . .        G - +0 steam dragon scales
rPois   .            p - +0 helmet
rElec   +            M - +0 cloak
rCorr   .            R - +0 pair of gloves
SInv    .            w - +0 pair of boots
Will    +....        J - amulet of the acrobat
Stlth   ++           Q - +6 ring of dexterity
HPRegen 0.33/turn    V - ring "Apreliy" {rElec MP+9 AC+4 Str+3 Int+4}
MPRegen 0.26/turn

%: acrobat
@: frozen, very slow
A: talons 1, clever 1, screaming 1
a: Renounce Religion


You were on level 5 of the Lair of Beasts.
You worshipped Vehumet.
Vehumet was extremely pleased with you.
You visited 3 branches of the dungeon, and saw 17 of its levels.
You also visited: Ossuary.

You collected 906 gold pieces.

Inventory:

Hand Weapons
 b - a +0 long sword of flaming
 D - a +4 quarterstaff of chaos (weapon)
Missiles
 z - 3 throwing nets {=f}
 N - 5 curare-tipped darts {=f}
Armour
 p - a +0 helmet (worn)
 w - a +0 pair of boots (worn)
 G - +0 steam dragon scales (worn)
 M - a +0 cloak (worn)
 R - a +0 pair of gloves (worn)
Jewellery
 x - the ring of Jabun {Fly Will+}
   (You found it on level 11 of the Dungeon)

   [ring of flight]

   Fly:       It grants you flight.
   Will:      It increases your willpower.
 y - a ring of resist corrosion
 I - a ring of protection from fire
 J - an amulet of the acrobat (around neck)
 Q - a +6 ring of dexterity (left hand)
 U - the ring "Noomy" {Ice Int+5 Dex+3 Slay+2}
   (You found it on level 3 of the Lair of Beasts)

   [ring of ice]

   It enhances your ice magic.
   Int:       It affects your intelligence (+5).
   Dex:       It affects your dexterity (+3).
   Slay:      It affects your accuracy & damage with ranged weapons and melee
   (+2).
   rF:        It makes you vulnerable to fire.
   rC:        It protects you from cold.
 V - the ring "Apreliy" (right hand) {rElec MP+9 AC+4 Str+3 Int+4}
   (You found it in an ossuary)

   [ring of protection]

   AC:        It affects your AC (+4).
   Str:       It affects your strength (+3).
   Int:       It affects your intelligence (+4).
   rElec:     It insulates you from electricity.
   MP:        It affects your magic capacity (+9).
Wands
 c - a wand of flame (61)
 e - a wand of iceblast (1)
 s - a wand of light (16)
 v - a wand of roots (12)
 H - a wand of mindburst (5)
 L - a wand of paralysis (28)
Scrolls
 a - 2 scrolls of blinking
 i - 10 scrolls of teleportation {@r4}
 j - 2 scrolls of enchant armour
 k - 2 scrolls of silence {!r}
 m - 5 scrolls of noise {!r}
 n - 5 scrolls of immolation {!r}
 q - 2 scrolls of brand weapon
 u - 7 scrolls of amnesia
 A - a scroll of butterflies
 B - 2 scrolls of fog
 C - 3 scrolls of enchant weapon
 E - 2 scrolls of fear
 F - a scroll of magic mapping
 W - 4 scrolls of vulnerability {!r}
 Y - 2 scrolls of poison {!r}
Potions
 d - a potion of might {unknown}
 f - 3 potions of mutation {!q}
 g - 2 potions of flight
 h - a potion of invisibility
 l - 3 potions of resistance
 r - 8 potions of heal wounds {@q2}
 t - 6 potions of haste {@q3}
 K - 8 potions of curing {@q1}
 O - 5 potions of cancellation
 P - 2 potions of attraction {!q}
 S - 2 potions of berserk rage {!q}
 T - 2 potions of ambrosia
 X - a potion of magic {unknown}
 Z - a potion of brilliance {unknown}


   Skills:
 - Level 10.0 Fighting
 - Level 1.3 Armour
 - Level 15.0 Dodging
 - Level 2.2 Stealth
 - Level 10.0 Spellcasting
 + Level 13.7 Conjurations
 + Level 4.1 Fire Magic
 - Level 8.0 Earth Magic
 - Level 4.0 Evocations


You had 12 spell levels left.
You knew the following spells:

 Your Spells              Type           Power      Damage    Failure   Level
a - Stone Arrow           Conj/Erth      100%       3d13      1%          3
b - Iron Shot             Conj/Erth      34%        9d7       1%          6
c - Iskenderun's Battles  Conj           78%        2d13      1%          5
d - Starburst             Conj/Fire      31%        6d9       4%          6

Your spell library contained the following spells:

 Spells                   Type           Power      Damage    Failure   Level
 Conjure Ball Lightning   Conj/Air       27%        3x3d8     9%          6
 Magic Dart               Conj           100%       1d8       0%          1
 Searing Ray              Conj           100%       2d8       0%          2
 Shock                    Conj/Air       100%       1d9       1%          1
 Dazzling Flash           Conj/Hex       100%       N/A       1%          3
 Hailstorm                Conj/Ice       54%        3d12      1%          3
 Ignite Poison            Fire/Tmut/Pois 23%        N/A       1%          3
 Volatile Blastmotes      Fire/Tloc      54%        2d14      1%          3
 Fulminant Prism          Conj/Hex       27%        3d14      1%          4
 Iskenderun's Mystic Bla  Conj/Tloc      54%        2d12      1%          4
 Sticky Flame             Conj/Fire      62%        2d8       1%          4
 Necrotise                Necr           60%        1d7       3%          1
 Orb of Destruction       Conj           39%        9d11      3%          7
 Animate Armour           Summ/Erth      78%        N/A       7%          4
 Airstrike                Air            7%         2d(2-18)  10%         4
 Portal Projectile        Hex/Tloc       30%        N/A       11%         3
 Summon Guardian Golem    Hex/Summ       15%        N/A       11%         3
 Swiftness                Air            15%        N/A       11%         3
 Tukima's Dance           Hex            15%        N/A       11%         3
 Vampiric Draining        Necr           15%        2d7       11%         3
 Borgnjor's Vile Clutch   Necr/Erth      19%        N/A       19%         5
 Ice Form                 Ice/Tmut       15%        N/A       34%         4
 Spellforged Servitor     Conj/Summ      27%        N/A       41%         7
 Lehudib's Crystal Spear  Conj/Erth      34%        10d9      54%         8
 Agony                    Necr           15%        N/A       67%         5
 Alistair's Intoxication  Tmut/Pois      10%        N/A       67%         5
 Blade Hands              Tmut           7%         N/A       67%         5
 Eringya's Noxious Bog    Tmut/Pois      7%         N/A       75%         6
 Simulacrum               Ice/Necr       7%         N/A       99%         6
 Ozocubu's Refrigeration  Ice            7%         4d9       99%         7
 Ignition                 Fire           19%        3d7       100%        8
 Polar Vortex             Ice            7%         N/A       100%        9


Dungeon Overview and Level Annotations

Branches:
Dungeon (11/15)            Temple (1/1) D:5            Lair (5/5) D:9
  Swamp (0/4) Lair:2        Snake (0/4) Lair:2          Orc (0/2) D:9
Ossuary (visited)
  Slime: Lair:4-5

Altars:
Ashenzari
Cheibriados
Dithmenos
Elyvilon
Fedhas
Gozag
Hepliaklqana
Kikubaaqudgha
Makhleb
Nemelex Xobeh
Okawaru
Qazlal
Ru
Sif Muna
Trog
Uskayaw
Vehumet
Wu Jian
Xom
Yredelemnul
Zin
The Shining One

Shops:
D:4 (

Annotations:
D:9 3 runed translucent doors, Clive's ghost, novice MiFi; TrebMcFLY's ghost, novice DECj
Lair:1 1 runed translucent door, BobG's ghost, novice MiFi


Innate Abilities, Weirdness & Mutations

You have sharp toenails.
Your mind is acute. (Int +4, Str/Dex -1)
You occasionally shout uncontrollably at your foes.


Message History

Your Fire Magic skill increases to level 4!
Unknown command.
The death yak is no longer petrified.
A nearby plant withers and dies.
The death yak attacks as you move away! The death yak gores you.
A nearby plant withers and dies.
The death yak attacks as you move away! The death yak completely misses you.
Things that are here:
a wolf corpse; a wolf corpse The death yak completely misses you.
Casting: Iron Shot (dangerous; 1% risk of failure)
Confirm with . or Enter, or press ? or * to list all spells.
Aiming: Iron Shot (dangerous; 1% risk of failure)
Press: ? - help, Shift-Dir - straight line, f - death yak
Aim: a death yak (91% to hit)
Okay, then.
Casting: Iron Shot (dangerous; 1% risk of failure)
Confirm with . or Enter, or press ? or * to list all spells.
Casting: Starburst (dangerous; 4% risk of failure)
Press: ? - help, Dir - look around, f - activate
Okay, then.
A rime drake comes into view.
You see here a water moccasin skeleton.
The death yak attacks as you move away! The death yak gores you!
The death yak attacks as you move away! The death yak completely misses you.
Casting: Starburst (dangerous; 4% risk of failure)
Confirm with . or Enter, or press ? or * to list all spells.
Casting: Starburst (dangerous; 4% risk of failure)
Press: ? - help, Dir - look around, f - activate The tree burns like a torch!
The bolt of fire misses the death yak.
The bolt of fire hits the death yak!!
The death yak is almost dead.
The bolt of fire hits the plant!!
The plant begins to die.
The plant is lightly damaged.
The rime drake hisses angrily.
The rime drake breathes ice at you. The icy flash freeze hits you!!
* * * LOW HITPOINT WARNING * * *
You are encased in ice.
The death yak gores you!!
You die...

#...# #.......P. #...##
P.####..#..... #....#
#.##.#....##.. #....##
##.#........##P ##.†..#
#..###...#..#.. ##...##
##...###...#.... ##..÷###
###.....#....#P.P.
###÷.T####.......##...P....
##.P.Y÷Y@.......##.......
##....§.....♣...##.....#
####.......k.......#..#
####.P.........##...
##...P.P.P.......
##.P.......##..#
#..........####
.........#.## #
........##.# #


You could see 2 death yaks, a deep troll shaman and a rime drake (catching
breath).

Vanquished Creatures
  A hydra (Lair:2)
  A catoblepas (Lair:5)
  A centaur warrior (D:9)
  3 death yaks (Lair:5)
  A two-headed ogre (D:9)
  Urug (D:11)
  Nergalle (Lair:1)
  Amaemon (D:8)
  2 skysharks (Lair:4)
  Pikel (D:5)
  A wizard (D:9)
  2 wolf spiders (Lair:4)
  A manticore (D:11)
  8 elephants
  A torpor snail (Lair:3)
  11 cane toads
  9 black mambas
  An orange demon (D:8)
  A kobold demonologist (D:8)
  Maggie (D:6)
  3 rime drakes
  Psyche (D:11)
  2 unseen horror zombies (D:9)
  7 komodo dragons
  2 hornets
  7 blink frogs
  2 dream sheep (Lair:3)
  Sigmund (D:2)
  5 wyverns
  2 wraiths
  32 yaks
  4 basilisks
  3 steam dragons
  Menkaure (D:5)
  A two-headed ogre zombie (D:9)
  Edmund (D:5)
  23 water moccasins
  4 orc warriors
  3 ice beasts
  3 black bears
  A hornet zombie (Ossuary)
  14 wolves
  2 centaurs
  A lemure (D:5)
  3 phantoms
  Blork the orc (D:5)
  8 kobold brigands
  5 bullfrogs
  2 wyvern zombies
  A gnoll sergeant (D:9)
  4 scorpions
  2 water moccasin zombies (Ossuary)
  3 wights (D:10)
  2 troll zombies (D:9)
  5 killer bees (D:9)
  5 howler monkeys
  A vampire bat (Lair:1)
  4 electric eels
  5 centaur zombies
  3 bullfrog zombies (Ossuary)
  3 jellies
  2 orc priests
  Crazy Yiuf (D:5)
  4 hounds
  A sleepcap (D:5)
  3 iguanas
  16 mummies (Ossuary)
  Ijyb (D:4)
  5 hell rats
  2 orc wizards
  A killer bee zombie (Ossuary)
  5 ogre zombies (D:9)
  6 howler monkey zombies
  Robin (D:1)
  11 gnolls
  13 adders
  A shadow imp (D:8)
  2 white imps (D:6)
  An ufetubus (D:7)
  A worm (D:3)
  4 dart slugs
  26 orcs
  12 ball pythons
  12 bats
  6 endoplasms
  6 giant cockroaches
  18 goblins
  8 hobgoblins
  5 jackals
  21 kobolds
  2 quokkas
  2 frilled lizards
  A goblin zombie (D:9)
  2 hobgoblin skeletons (D:9)
  3 hobgoblin zombies (D:9)
  2 orc skeletons (D:9)
  16 orc zombies (D:9)
  4 rats
458 creatures vanquished.

Vanquished Creatures (collateral kills)
  A lemure (D:5)
  2 kobold brigands (D:8)
  A sleepcap (D:5)
  A gnoll (D:4)
  A hobgoblin zombie (D:9)
  4 kobolds
10 creatures vanquished.

Vanquished Creatures (others)
  2 yaks (Lair:1)
  A kobold brigand (D:5)
  A hound zombie (D:6)
  2 gnolls (D:4)
  A hobgoblin zombie (D:9)
  A bush (Lair:3)
  38 fungi
  79 plants
  8 withered plants (Ossuary)
133 creatures vanquished.

Grand Total: 601 creatures vanquished

Notes
Turn   | Place    | Note
-------+----------+-------------------------------------------
     0 | D:1      | sanka the Deep Elf Artificer began the quest for the Orb.
     0 | D:1      | Reached XP level 1. HP: 11/11 MP: 3/3
   144 | D:1      | Reached skill level 1 in Fighting
   144 | D:1      | Reached skill level 1 in Armour
   157 | D:1      | Reached XP level 2. HP: 10/16 MP: 4/4
   508 | D:1      | Reached XP level 3. HP: 17/20 MP: 5/5
   591 | D:1      | You fall into a shaft and drop 1 floor!
   624 | D:2      | Reached skill level 3 in Dodging
   732 | D:2      | Noticed Robin
   784 | D:1      | Killed Robin
   859 | D:2      | Reached XP level 4. HP: 20/25 MP: 6/6
  1566 | D:2      | Noticed Sigmund
  1577 | D:2      | Killed Sigmund
  1578 | D:2      | Reached skill level 5 in Dodging
  1578 | D:2      | Reached XP level 5. HP: 9/32 MP: 7/7
  1836 | D:3      | Reached XP level 6. HP: 37/37 MP: 8/8
  1836 | D:3      | Found a stormy altar of Qazlal.
  2281 | D:3      | Learned a level 3 spell: Stone Arrow
  2826 | D:4      | Found a transporter.
  2849 | D:4      | Reached skill level 1 in Spellcasting
  2849 | D:4      | Reached skill level 1 in Conjurations
  2849 | D:4      | Reached skill level 1 in Earth Magic
  3234 | D:4      | Found a sacrificial altar of Ru.
  3433 | D:4      | Noticed Ijyb
  3437 | D:4      | Found Niwno's Antique Weapon Shoppe.
  3464 | D:4      | Killed Ijyb
  3554 | D:4      | Found a transporter.
  3717 | D:4      | Reached XP level 7. HP: 39/41 MP: 12/12
  4315 | D:5      | Entered Level 5 of the Dungeon
  4319 | D:5      | Noticed Edmund
  4337 | D:5      | Killed Edmund
  4930 | D:5      | Reached XP level 8. HP: 18/46 MP: 3/15
  5092 | D:5      | Noticed Pikel
  5139 | D:5      | Killed Pikel
  5140 | D:5      | Reached skill level 5 in Spellcasting
  5255 | D:5      | Noticed Menkaure
  5259 | D:5      | Killed Menkaure
  5305 | D:5      | Found a staircase to the Ecumenical Temple.
  5311 | Temple   | Entered the Ecumenical Temple
  5331 | Temple   | Became a worshipper of Vehumet
  5353 | D:5      | Found an opulent altar of Gozag.
  5414 | D:5      | Found a white marble altar of Elyvilon.
  5423 | D:5      | Found a broken altar of Ashenzari.
  5495 | D:5      | Noticed Blork the orc
  5497 | D:5      | Killed Blork the orc
  5759 | D:5      | Found an ornate altar of the Wu Jian Council.
  5888 | D:5      | Found a runed translucent door.
  5889 | D:5      | Noticed Crazy Yiuf
  6007 | D:5      | Killed Crazy Yiuf
  6107 | D:6      | Reached XP level 9. HP: 49/50 MP: 3/19
  6965 | D:6      | Noticed Maggie
  6989 | D:6      | Killed Maggie
  6990 | D:6      | Reached skill level 6 in Dodging
  7151 | D:6      | Reached * piety under Vehumet
  7151 | D:6      | Offered knowledge of Freeze by Vehumet.
  7310 | D:7      | Found a glowing silver altar of Zin.
  7459 | D:7      | Found a hazy altar of Hepliaklqana.
  7759 | D:7      | Found a sand-covered staircase.
  7767 | Ossuary  | Entered an ossuary
  7829 | Ossuary  | Reached skill level 7 in Dodging
  8241 | Ossuary  | Reached skill level 5 in Fighting
  8312 | Ossuary  | Identified the ring "Apreliy" {rElec MP+9 AC+4 Str+3 Int+4}
  8467 | Ossuary  | Reached skill level 8 in Dodging
  8615 | Ossuary  | Offered knowledge of Poisonous Vapours by Vehumet.
  8623 | Ossuary  | Reached ** piety under Vehumet
  9592 | D:8      | Noticed Amaemon
  9593 | D:8      | Noticed an orange demon
  9599 | D:8      | Killed Amaemon
  9600 | D:8      | Reached XP level 10. HP: 60/60 MP: 9/21
  9605 | D:8      | Killed an orange demon
  9606 | D:8      | Reached skill level 9 in Dodging
  9733 | D:8      | Found a bloodstained altar of Trog.
  9734 | D:8      | Found an iron altar of Okawaru.
  9949 | D:8      | Gained mutation: You have hidden genetic defects. [a
                  | neqoxec]
 10022 | D:8      | Reached skill level 10 in Dodging
 10069 | D:8      | Lost mutation: You have hidden genetic defects. [potion of
                  | mutation]
 10069 | D:8      | Gained mutation: Your mind is acute. (Int +4, Str/Dex -1)
                  | [potion of mutation]
 10069 | D:8      | Gained mutation: You occasionally shout uncontrollably at
                  | your foes. [potion of mutation]
 10069 | D:8      | Gained mutation: You have sharp toenails. [potion of
                  | mutation]
 10357 | D:8      | Found a hide-covered altar of Uskayaw.
 10580 | D:9      | Offered knowledge of Scorch by Vehumet.
 10720 | D:9      | Found a runed translucent gate.
 10720 | D:9      | Found a runed translucent gate.
 10720 | D:9      | Found a runed translucent gate.
 10725 | D:9      | Noticed Clive's ghost (novice MiFi)
 10725 | D:9      | Noticed Clive's ghost (novice MiFi)
 10725 | D:9      | Noticed TrebMcFLY's ghost (novice DECj)
 10855 | D:9      | Found a staircase to the Orcish Mines.
 10906 | D:9      | Reached *** piety under Vehumet
 11364 | D:9      | Offered knowledge of Frozen Ramparts by Vehumet.
 11365 | D:9      | Reached skill level 11 in Dodging
 11491 | D:9      | Found a staircase to the Lair.
 11507 | D:9      | Noticed a wizard
 11614 | D:9      | Noticed a centaur warrior
 11621 | D:9      | Killed a centaur warrior
 11621 | D:9      | Reached **** piety under Vehumet
 11622 | D:9      | Reached XP level 11. HP: 53/68 MP: 20/22
 11758 | D:9      | Found a shimmering blue altar of Sif Muna.
 11803 | D:9      | Offered knowledge of Olgreb's Toxic Radiance by Vehumet.
 11938 | D:9      | Found a basalt altar of Yredelemnul.
 12124 | D:9      | Reached skill level 12 in Dodging
 12590 | D:9      | Noticed a two-headed ogre
 12595 | D:9      | Killed a two-headed ogre
 13335 | D:9      | Found a staircase to the Lair.
 13452 | D:9      | Found a basalt altar of Yredelemnul.
 13508 | D:9      | Found a staircase to the Orcish Mines.
 13595 | D:9      | Found a shimmering blue altar of Sif Muna.
 14327 | D:9      | Killed a wizard
 14341 | D:9      | Found a staircase to the Lair.
 14460 | D:9      | Found a basalt altar of Yredelemnul.
 14516 | D:9      | Found a staircase to the Orcish Mines.
 14603 | D:9      | Found a shimmering blue altar of Sif Muna.
 15298 | D:10     | Entered Level 10 of the Dungeon
 15570 | D:10     | Reached skill level 13 in Dodging
 15804 | D:10     | Found a shimmering altar of Xom.
 15836 | D:10     | Found a burning altar of Makhleb.
 15836 | D:10     | Found a blossoming altar of Fedhas.
 16018 | D:11     | Identified the ring of Jabun {Fly Will+}
 16044 | D:11     | Reached ***** piety under Vehumet
 16147 | D:11     | Offered knowledge of Iron Shot by Vehumet.
 16182 | D:11     | Learned a level 6 spell: Iron Shot
 16562 | D:11     | Noticed Urug
 16568 | D:11     | Killed Urug
 16765 | D:11     | Noticed Psyche
 16785 | D:11     | Killed Psyche
 16893 | D:11     | Reached XP level 12. HP: 76/76 MP: 20/24
 17217 | Lair:1   | Entered Level 1 of the Lair of Beasts
 17796 | Lair:1   | Found a runed translucent door.
 17796 | Lair:1   | Noticed BobG's ghost (novice MiFi)
 18016 | Lair:1   | Reached skill level 10 in Conjurations
 18689 | Lair:1   | Noticed Nergalle
 18693 | Lair:1   | Killed Nergalle
 19163 | Lair:2   | Noticed a six-headed hydra
 19167 | Lair:2   | Killed a six-headed hydra
 19517 | Lair:2   | Found a staircase to the Snake Pit.
 19621 | Lair:2   | Reached skill level 10 in Spellcasting
 20750 | Lair:2   | Reached XP level 13. HP: 80/80 MP: 29/29
 20954 | Lair:2   | Found a staircase to the Swamp.
 21237 | Lair:3   | Identified the ring "Noomy" {Ice Int+5 Dex+3 Slay+2}
 22491 | Lair:4   | Identified the +1 falchion "Optam" {flame, Str+4}
 22568 | Lair:4   | Reached skill level 14 in Dodging
 22572 | Lair:4   | Offered knowledge of Conjure Ball Lightning by Vehumet.
 22573 | Lair:4   | Reached skill level 10 in Fighting
 23677 | Lair:5   | Entered Level 5 of the Lair of Beasts
 23840 | Lair:5   | Learned a level 5 spell: Iskenderun's Battlesphere
 23896 | Lair:5   | Learned a level 6 spell: Starburst
 23968 | Lair:5   | Reached skill level 1 in Fire Magic
 24808 | Lair:5   | Reached skill level 15 in Dodging
 24909 | Lair:5   | Mangled by a death yak

Illustrated notes

Levels and vault maps discovered:
D:1:      psy_arrival_dodecagon, layout_rooms
D:2:      minmay_alternating_diamond, layout_loops_ring, minivault_27,
          uniq_robin, uniq_sigmund
D:3:      layout_basic, amcnicky_altar_gilded
D:4:      gammafunk_steamed_eel, layout_layer_cave, lemuel_round_altar,
          serial_shops, nicolae_shop_overgrown_old_shop, st_stairs_5,
          hangedman_glass_teeth, serial_park_tiny_pond, uniq_ijyb
D:5:      layout_rooms, nicolae_overflow_hidden_temple,
          nzn_wu_jian_contemplation, evilmike_ruin_ashenzari,
          grunt_gozag_statues, minmay_temple_entry_hall, minmay_crystal_water,
          minmay_joined_circles, uniq_menkaure, uniq_blork_the_orc, uniq_pikel,
          uniq_edmund, uniq_crazy_yiuf_cottage
D:6:      layout_cave_pools, uniq_maggie
D:7:      layout_layer_cave, zin_scriptorium, old_standard_altar,
          chequers_ossuary_entry_cave
D:8:      nicolae_cairo_tiling_large, layout_cave_pools, lemuel_doored_altar,
          grunt_temple_overflow_bloody_war, special_room [special_room_kobold],
          uniq_amaemon
D:9:      layout_basic, nicolae_yredelemnul_corpse_copse,
          mainiacjoe_overflow_boulevard, minmay_lair_entry_grove,
          zombieorc2_lemuel, gammafunk_ghost_cemetery, minmay_librarian
D:10:     layout_rooms, gammafunk_temple_overflow_wave,
          mainiacjoe_overflow_catwalk
D:11:     layout_loops_cross, uniq_psyche, uniq_urug
Temple:   hellmonk_temple_rainy
Lair:1:   layout_gridlike, hellmonk_ghost_happy_afterlife, roderic_batcave,
          serial_bayou_shore_a, serial_bayou_shore_b, grunt_megastairs_4,
          uniq_nergalle
Lair:2:   layout_cave_shapes, swamp_mist_pool, minmay_snake_entry_six_corridors,
          columned_hall_lemuel
Lair:3:   layout_gridlike, minmay_hedge_maze
Lair:4:   layout_small_grid, minivault_27, nicolae_lair_run_with_the_wolves
Lair:5:   grunt_lair_end_beastmaster, layout_loops_ring, slime_entry_1

Skill      XL: |  1  2  3  4  5  6  7  8  9 10 11 12 13 |
---------------+----------------------------------------+-----
Fighting       | 1 3 5 8 9 10 | 10.0
Armour         | 1 |  1.3
Stealth        | 2 |  2.2
Dodging        | 3 5 8 11 13 15 | 15.0
Evocations     | 4 |  4.0
Spellcasting   | 2 3 5 6 7 10 | 10.0
Conjurations   | 2 4 6 7 8 12 13 | 13.7
Earth Magic    | 2 4 6 7 8 |  8.0
Fire Magic     | 4 |  4.1

Action                     |  1- 3 |  4- 6 |  7- 9 | 10-12 | 13-15 || total
---------------------------+-------+-------+-------+-------+-------++-------
  Melee: Short sword       |    32 |       |       |       |       ||    32
         Mace              |    98 |   107 |       |       |       ||   205
         Punch             |     2 |     1 |     1 |       |       ||     4
         Long sword        |       |    89 |    49 |       |       ||   138
         Quarterstaff      |       |       |    78 |   207 |       ||   285
   Fire: Sling             |       |     8 |    15 |       |       ||    23
   Cast: Stone Arrow       |       |       |   122 |   371 |   125 ||   618
         Iron Shot         |       |       |       |    31 |    27 ||    58
         Starburst         |       |       |       |       |     5 ||     5
  Evoke: Wand              |     5 |    14 |    19 |    12 |       ||    50
    Use: Scroll            |       |       |       |    15 |     7 ||    22
         Potion            |       |       |       |     2 |       ||     2
   Stab: Sleeping          |     1 |     4 |       |       |       ||     5
         Invisible         |       |       |     1 |       |       ||     1
         Paralysed         |       |       |     2 |       |       ||     2
         Distracted        |       |       |     1 |       |       ||     1
         Petrified         |       |       |       |    10 |       ||    10
 Armour: Leather armour    |     5 |       |       |       |       ||     5
         Scale mail        |    55 |       |       |       |       ||    55
         Ring mail         |    22 |    96 |    13 |       |       ||   131
         Robe              |       |       |    12 |       |       ||    12
         Swamp dragon scal |       |       |    33 |    99 |       ||   132
         Steam dragon scal |       |       |       |    37 |    17 ||    54
  Dodge: Dodged            |    87 |   158 |   139 |   498 |    73 ||   955
